 Dungeon Crawl Stone Soup version 0.25.0-46-gbd7b085 (webtiles) character file.

Game seed: 13216035758357842464

70 Billymom2 the Ruffian (level 4, -7/35 HPs)
             Began as a Hill Orc Transmuter on July 13, 2020.
             Mangled by a gnoll
             ... wielding a +0 club
              (8 damage)
             ... on level 2 of the Dungeon.
             The game lasted 00:05:49 (1825 turns).

Billymom2 the Ruffian (Hill Orc Transmuter)         Turns: 1825, Time: 00:05:49

Health: -7/35      AC:  5    Str: 13    XL:     4   Next: 22%
Magic:  3/7        EV: 10    Int: 13    God:
Gold:   50         SH:  0    Dex: 11    Spells: 4/7 levels left

rFire    . . .     SeeInvis .     - Unarmed
rCold    . . .     Gourm    .   (no shield)
rNeg     . . .     Faith    .   i - +0 ring mail {rPois}
rPois    +         Spirit   .   (no helmet)
rElec    .         Reflect  .   (no cloak)
rCorr    .         Harm     .   (no gloves)
MR       .....                  (boots currently unavailable)
Stlth    +.........             (no amulet)
HPRegen  0.11/turn              (no ring)
MPRegen  0.10/turn              (no ring)

@: appendage
A: talons 3
a: End Transformation


You were on level 2 of the Dungeon.
You were not hungry.
You had grown temporary talons.
You visited 1 branch of the dungeon, and saw 2 of its levels.

You collected 50 gold pieces.

Inventory:

Missiles
 a - 21 arrows
Armour
 b - a +0 robe
 c - a +1 ring mail
 i - a +0 ring mail of poison resistance (worn)
Scrolls
 e - 3 scrolls of identify
 h - a scroll of teleportation
 j - a scroll of blinking {unknown}
Potions
 g - 2 potions of curing {unknown}
Comestibles
 d - a ration
 f - a chunk of flesh


   Skills:
 + Level 1.2 Fighting
 + Level 1.0 Armour
 - Level 1.5 Dodging
 + Level 4.2 Unarmed Combat
 + Level 2.2 Spellcasting
 + Level 1.9 Transmutations


You had 4 spell levels left.
You knew the following spells:

 Your Spells              Type           Power        Failure   Level  Hunger
a - Beastly Appendage     Tmut           #.....       24%         1    ##.....
b - Sticks to Snakes      Tmut           #.......     36%         2    ###....

Your spell library contained the following spells:

 Spells                   Type           Power        Failure   Level  Hunger
 Spider Form              Tmut/Pois      #.........   71%         3    ####...
 Ice Form                 Ice/Tmut       #.......     98%         4    #####..
 Blade Hands              Tmut           #.........   100%        5    ######.


Dungeon Overview and Level Annotations

Branches:
Dungeon (2/15)

Altars:
Trog


Innate Abilities, Weirdness & Mutations

You have claws for feet.


Message History

You are too injured to fight recklessly!
Casting: Beastly Appendage (safe; 26% risk of failure)
Confirm with . or Enter, or press ? or * to list all spells.
Your feet morph into talons.
The bat hits you but does no damage. The gnoll hits you but does no damage.
The gnoll hits you with a +0 halberd.
* * * LOW HITPOINT WARNING * * *
The bat closely misses you.
You hit the gnoll. Your kick misses the gnoll.
The gnoll is moderately wounded.
The bat hits you but does no damage. The gnoll hits you with a +0 club.
* * * LOW HITPOINT WARNING * * *
The gnoll hits you with a +0 halberd.
* * * LOW HITPOINT WARNING * * *
You closely miss the gnoll. You claw the gnoll.
The gnoll is severely wounded.
The bat closely misses you. The gnoll barely misses you.
You hit the gnoll but do no damage. You claw the gnoll.
You kill the gnoll!
The bat hits you but does no damage. The gnoll hits you with a +0 club!
You die...

#.# # #.# .#. #.#
.... #.# ### #...
#.#### ... ...#
#..... #%###...#
###### #.).#g# #@#)#
## #.g## #.#
#.#.###.###.#
#....#......#
#######...##########
#...#........).....#
#......#########.#
#...#..# #.#
###.#..# #.#


You could see a gnoll.

Vanquished Creatures
  2 gnolls (D:2)
  A dart slug (D:1)
  2 giant cockroaches (D:2)
  5 goblins
  8 hobgoblins
  7 jackals (D:2)
  8 kobolds
  4 bats
  A frilled lizard (D:1)
  4 rats
42 creatures vanquished.

Notes
Turn   | Place    | Note
-------+----------+-------------------------------------------
     0 | D:1      | Billymom2 the Hill Orc Transmuter began the quest for the
                  | Orb.
     0 | D:1      | Reached XP level 1. HP: 16/16 MP: 3/3
   496 | D:1      | Reached XP level 2. HP: 23/23 MP: 2/4
   993 | D:1      | Reached skill level 4 in Unarmed Combat
   993 | D:1      | Reached XP level 3. HP: 22/28 MP: 5/5
  1243 | D:1      | Learned a level 2 spell: Sticks to Snakes
  1341 | D:2      | Found a bloodstained altar of Trog.
  1790 | D:2      | Reached skill level 1 in Armour
  1818 | D:2      | Reached XP level 4. HP: 27/35 MP: 4/7
  1823 | D:2      | HP: 1/35 [gnoll/+0 halberd (4)]
  1825 | D:2      | Mangled by a gnoll

Illustrated notes

Levels and vault maps discovered:
D:1:      mrwooster_arrival_statue, layout_loops_ring, columned_hall_lemuel
D:2:      layout_loops_ring, lightli_temple_of_fire

Skill      XL: |  1  2  3 |
---------------+----------+-----
Unarmed Combat | 4 |  4.2
Spellcasting   | 2 |  2.2
Armour         | 1 |  1.0
Fighting       | |  1.2
Dodging        | |  1.5
Transmutations | |  1.9

Action                   |  1- 3 |  4- 6 || total
-------------------------+-------+-------++-------
Melee: Unarmed           |   156 |     5 ||   161
       Kick              |    10 |     2 ||    12
       Headbutt          |     2 |       ||     2
       Punch             |     1 |       ||     1
 Cast: Beastly Appendage |    16 |     1 ||    17
       Sticks to Snakes  |     2 |       ||     2
  Use: Scroll            |     4 |       ||     4
  Eat: Chunk             |     4 |       ||     4
Armor: Ring mail         |    57 |     6 ||    63
Dodge: Dodged            |    95 |     8 ||   103
